 Dungeon Crawl Stone Soup version 0.17.0-26-gececa24 (console) character file.

52 gw the Skirmisher (level 3, -6/29 HPs)
             Began as a Demonspawn Fighter on Nov 19, 2015.
             Mangled by gw's ghost (9 damage)
             ... on level 3 of the Dungeon.
             The game lasted 00:01:48 (2008 turns).

gw the Skirmisher (Demonspawn Fighter)              Turns: 2008, Time: 00:01:48

Health: -6/29      AC: 14    Str: 21    XL:     3   Next: 60%
Magic:  3/3        EV:  5    Int:  9    God:
Gold:   93         SH:  9    Dex: 12    Spells: 0 memorised, 2 levels left

rFire  . . .     SeeInvis +     a - +0 flail
rCold  . . .     Clarity  .     r - +0 chain mail
rNeg   . . .     SustAt   .     c - +0 shield
rPois  .         Gourm    .     (helmet restricted)
rElec  .         Spirit   .     (no cloak)
rCorr  +         Warding  .     m - +0 pair of gloves
rMut   .         Stasis   .     (no boots)
MR     .....                    l - amulet of resist corrosion
Stlth  ..........               (no ring)
                                f - ring of see invisible

@: mighty, not resistant to hostile enchantments, extremely unstealthy
A: horns 1, rough black scales 1
a: no special abilities


You were on level 3 of the Dungeon.
You were hungry.

You visited 1 branch of the dungeon, and saw 3 of its levels.

You collected 93 gold pieces.

Inventory:

Hand Weapons
 a - a +0 flail (weapon)
Missiles
 g - 75 stones (quivered)
 j - a curare-tipped needle
 k - 14 poisoned needles
Armour
 c - a +0 shield (worn)
 m - a +0 pair of gloves (worn)
 r - a +0 chain mail (worn)
Jewellery
 f - a ring of see invisible (left hand)
 l - an amulet of resist corrosion (around neck)
Scrolls
 b - a scroll of identify
 i - 2 scrolls of remove curse
Comestibles
 e - a bread ration
 h - a royal jelly
 n - 4 fruits


   Skills:
 + Level 3.2 Fighting
 * Level 2.4 Maces & Flails
 + Level 1.1 Throwing
 + Level 3.1 Armour
 + Level 2.9 Shields


You had 2 spell levels left.
You didn't know any spells.

Dungeon Overview and Level Annotations

Branches:
Dungeon (3/15)

Altars:

Annotations:
D:3 gw's ghost, weakling DDFi


Innate Abilities, Weirdness & Mutations

You have a pair of small horns on your head.
You are partially covered in rough black scales (AC +4, Dex -1).


Message History

MOVING TO (-1,0) MOVING TO (0,-5) Gw's ghost hits you.
MOVING TO (0,-4) MOVING TO (0,-3) MOVING TO (0,-2) MOVING TO (0,-1) MOVING TO (-4,0)
You block gw's ghost's attack.
MOVING TO (-3,0) MOVING TO (-2,0) FLEEEEING!
MOVING TO (-1,0) MOVING TO (-1,0) MOVING TO (-1,0) MOVING TO (-2,0) MOVING TO (-1,0) MOVING TO (0,-2) Gw's ghost hits you!
You die...

####.###.# #........# ##.......
##).......###.####...####........
+.......................'........
##.#...(###.#.##.#..<####........
##)..# #.#.##.##..#####.......
(.....# #.#........#..........#
#####... ..####.#####.#####...##
#.###### #.# #.# #..## #.#
#6#####.### #..# #.# #.W.......#
#..# ..# #######.#.# #..##
###.#.###...## #............#
#.###.###...## #.# #......... #.#
#####..### #.#######.(# #


You could see gw's ghost.

Table legend:
 A = Turns spent in this place as a percentage of turns spent in the entire game.
 B = Non-inter-level travel turns spent in this place as a percentage of non-inter-level travel turns spent in the entire game.
 C = Inter-level travel turns spent in this place as a percentage of turns spent in this place.
 D = Turns resting spent in this place as a percentage of non-inter-level travel turns spent in this place.
 E = Turns spent auto-exploring this place as a percentage of non-inter-level travel turns spent in this place.
 F = Non-inter-level travel turns spent in this place divided by the number of levels of this place that you've seen.
                   A       B       C       D       E      F
               +-------+-------+-------+-------+-------+----------------------
         Total | 100.0 | 100.0 |   0.4 |   0.7 |   2.3 | 1100.3
       Dungeon | 100.0 | 100.0 |   0.4 |   0.7 |   2.3 | 1100.3
               +-------+-------+-------+-------+-------+----------------------

Table legend:
 A = Kills in this place as a percentage of kills in entire the game.
 B = Kills by you in this place as a percentage of kills by you in the entire game.
 C = Kills by friends in this place as a percentage of kills by friends in the entire game.
 D = Other kills in this place as a percentage of other kills in the entire game.
 E = Experience gained in this place as a percentage of experience gained in the entire game.
 F = Experience gained in this place divided by the number of levels of this place that you have seen.
                   A       B       C       D       E      F
               +-------+-------+-------+-------+-------+----------------------
         Total | 100.0 | 100.0 |  -nan |  -nan | 100.0 |  25.0
       Dungeon | 100.0 | 100.0 |  -nan |  -nan | 100.0 |  25.0
               +-------+-------+-------+-------+-------+----------------------

Vanquished Creatures
  An adder (D:2)
  An ooze (D:1)
  A worm (D:2)
  2 giant geckos
  4 hobgoblins (D:1)
  4 jackals (D:2)
  A ball python (D:1)
  3 bats
  2 giant newts (D:1)
  7 goblins
  5 kobolds
  2 rats
33 creatures vanquished.

Notes
Turn   | Place    | Note
--------------------------------------------------------------
     0 | D:1      | gw the Demonspawn Fighter began the quest for the Orb.
     0 | D:1      | Reached XP level 1. HP: 18/18 MP: 1/1
   187 | D:1      | Gained mutation: You have a pair of small horns on your head. [demonic ancestry]
   187 | D:1      | Reached XP level 2. HP: 24/24 MP: 2/2
  1225 | D:2      | Gained mutation: You are partially covered in rough black scales (AC +4, Dex -1). [demonic ancestry]
  1225 | D:2      | Reached XP level 3. HP: 26/29 MP: 3/3
  1312 | D:2      | Reached skill level 1 in Throwing
  1985 | D:3      | Noticed gw's ghost (weakling DDFi)
  2008 | D:3      | Mangled by gw's ghost

Action                   || total
-------------------------++-------
Melee: Flail             ||   103
Throw: Stone             ||    67
  Use: Potion            ||     6
       Scroll            ||     3
  Eat: Chunk             ||     3

Vault maps used:
D:1:      minmay_arrival_four_houses, kennysheep_crisscross
D:3:      nemelex_deck, kennysheep_generic_room_14
